 Dungeon Crawl Stone Soup version 0.24-a0-123-ga2403f3 (console) character file.

Game seed: 4830214778988356636

247 Duffy the Chopper (level 6, -2/52 HPs)
             Began as a Naga Gladiator on Feb 22, 2019.
             Slain by an orc
             ... wielding a cursed +0 hand axe
              (3 damage)
             ... on level 4 of the Dungeon.
             The game lasted 00:02:46 (3162 turns).

Duffy the Chopper (Naga Gladiator)                  Turns: 3162, Time: 00:02:46

Health: -2/52      AC:  8    Str: 16    XL:     6   Next: 11%
Magic:  6/6        EV:  9    Int: 10    God:
Gold:   134        SH:  0    Dex: 13    Spells: 5/5 levels left

rFire    . . .     SeeInvis +   w - +2 whip (venom)
rCold    . . .     Gourm    .   (no shield)
rNeg     . . .     Faith    .   n - +3 ring mail
rPois    +         Spirit   .   c - +0 helmet
rElec    .         Reflect  .   (no cloak)
rCorr    .         Harm     .   (no gloves)
MR       .....                  (no barding)
Stlth    +.........             (no amulet)
HPRegen  0.17/turn              (no ring)
MPRegen  0.10/turn              (no ring)

@: very slow
A: large, see invisible, deformed body, poison resistance, slowness 2, slow
metabolism 1, spit poison 1, AC +2
a: Spit Poison


You were on level 4 of the Dungeon.
You were not hungry.

You visited 1 branch of the dungeon, and saw 4 of its levels.

You collected 134 gold pieces.

Inventory:

Hand Weapons
 a - a +0 war axe
 w - a +2 whip of venom (weapon)
Armour
 c - a +0 helmet (worn)
 n - a +3 ring mail (worn)
Wands
 s - a wand of polymorph (8)
Scrolls
 h - a scroll of noise {unknown}
 i - 2 scrolls of amnesia {unknown}
 j - a scroll of teleportation {unknown}
 k - 4 scrolls of identify {unknown}
 m - a scroll of remove curse {unknown}
 o - 2 scrolls of enchant armour {unknown}
 t - a scroll of blinking {unknown}
 v - a scroll of random uselessness {unknown}
Potions
 e - a potion of mutation {unknown}
 g - 2 potions of agility {unknown}
 l - 2 potions of curing {unknown}
 p - a potion of degeneration {unknown}
 q - a potion of cancellation {unknown}
 r - 2 potions of berserk rage {unknown}
 u - a potion of heal wounds {unknown}
Comestibles
 b - 4 chunks of flesh
 f - 5 rations


   Skills:
 - Level 2.0 Fighting
 + Level 6.6 Axes
 - Level 1.7 Throwing
 - Level 2.4 Dodging


You had 5 spell levels left.
You didn't know any spells.
Your spell library was empty.

Dungeon Overview and Level Annotations

Branches:
Dungeon (4/15)
 Temple: D:4-7

Altars:
Cheibriados
Dithmenos
Elyvilon
Fedhas
Gozag
Okawaru
Uskayaw


Innate Abilities, Weirdness & Mutations

You cannot wear boots.
Your serpentine skin is tough. (AC +2)
You have supernaturally acute eyesight. (SInv)
Armour fits poorly on your strangely shaped body.
Your system is resistant to poisons. (rPois)
You cover ground very slowly.
You have a slow metabolism.
You can spit poison.


Message History

The orc priest is lightly wounded.
The orc priest barely misses you. The orc hits you but does no damage.
You barely miss the orc priest.
The orc priest is lightly wounded.
The orc hits you but does no damage. The orc priest closely misses you.
You hit the orc priest.
The orc priest looks as sick as possible!
The orc priest is moderately wounded.
The orc hits you. The orc hits you but does no damage.
The orc priest hits you with a +0 whip.
You kill the orc priest!
You have reached level 6!
Your experience leads to an increase in your attributes!
Increase (S)trength, (I)ntelligence, or (D)exterity?
You feel clever.
Your skin feels tougher.
The orc hits you but does no damage.
You see here an orc corpse.
You barely miss the orc.
The orc hits you with a cursed +0 hand axe.
You die...

......##.#.....)###...#.
.......................#
.......#........(.####.
................###
.....###........###
....####..........#
.#####...###..%.))#
.........# ##(.)o.######
......#### #...o@.))..#
...#### #.....####..#
..## ####### #.... ###
#..... ..... ####


You could see 2 orcs.

Vanquished Creatures
  2 orc priests (D:4)
  An orc wizard (D:4)
  Jessica (D:2)
  4 gnolls (D:3)
  3 adders
  2 worms
  2 dart slugs
  9 orcs
  3 giant cockroaches
  3 goblins (D:1)
  6 hobgoblins
  7 kobolds
  5 bats
  5 frilled lizards
  6 rats
59 creatures vanquished.

Notes
Turn   | Place    | Note
-------+----------+-------------------------------------------
     0 | D:1      | Duffy the Naga Gladiator began the quest for the Orb.
     0 | D:1      | Reached XP level 1. HP: 19/19 MP: 1/1
   370 | D:1      | Reached XP level 2. HP: 22/26 MP: 2/2
   926 | D:1      | Reached skill level 4 in Axes
  1219 | D:2      | Found a shadowy altar of Dithmenos.
  1233 | D:2      | Reached XP level 3. HP: 25/32 MP: 3/3
  1247 | D:2      | Found a blossoming altar of Fedhas.
  1823 | D:2      | Noticed Jessica
  1837 | D:2      | Killed Jessica
  1837 | D:2      | Reached XP level 4. HP: 29/39 MP: 4/4
  1916 | D:2      | Found an iron altar of Okawaru.
  2033 | D:2      | Found a faded altar of an unknown god.
  2091 | D:2      | Reached skill level 5 in Axes
  2250 | D:2      | Found a white marble altar of Elyvilon.
  2265 | D:2      | Found a snail-covered altar of Cheibriados.
  2267 | D:2      | Found a hide-covered altar of Uskayaw.
  2584 | D:3      | Found an opulent altar of Gozag.
  2767 | D:3      | Reached XP level 5. HP: 27/45 MP: 5/5
  3149 | D:4      | Reached skill level 6 in Axes
  3160 | D:4      | HP: 1/45 [orc priest/+0 whip (4)]
  3161 | D:4      | Reached XP level 6. HP: 1/52 MP: 6/6
  3162 | D:4      | Slain by an orc

Levels and vault maps discovered:
D:1:      dpeg_arrival_simpleton_b, layout_loops_corners,
          chequers_serial_rivers_micro_d
D:2:      layout_rooms, grunt_dithmenos_smoke, okawaru_trees_1, minitemple,
          chequers_ecumenical_altar_grove, fedhas_ov_isle_minmay, uniq_jessica
D:3:      cheibrodos_helix_gallery, layout_basic, grunt_gozag_breadcrumbs,
          first_ration, serial_forest, infiniplex_forest_lined_room_2,
          infiniplex_forest_clump_tiny, infiniplex_forest_lined_4_way,
          infiniplex_forest_diagonal, infiniplex_forest_lined_2,
          infiniplex_forest_end_3
D:4:      layout_rooms, marbit_many_paths, uniq_grinder, uniq_natasha,
          uniq_duvessa, uniq_pikel, uniq_menkaure

Skill      XL: |  1  2  3  4  5 |
---------------+----------------+-----
Axes           | 4 5 6 |  6.6
Fighting       | |  2.0
Throwing       | |  1.7
Dodging        | |  2.4

Action                   |  1- 3 |  4- 6 || total
-------------------------+-------+-------++-------
Melee: War axe           |    86 |    74 ||   160
       Whip              |       |    26 ||    26
Throw: Throwing net      |       |     3 ||     3
 Abil: Spit Poison       |     4 |     5 ||     9
  Eat: Chunk             |     2 |     4 ||     6
Armor: Leather armour    |    13 |       ||    13
       Ring mail         |    28 |    63 ||    91
Dodge: Dodged            |    62 |    60 ||   122

Table legend:
 A = Non-vault XP
 B = Vault XP
 C = Vault XP percentage of total XP
 D = Non-vault monster count
 E = Vault monster count
 F = Vault count percentage of total count
                 A         B        C        D         E       F
            +---------+---------+-------+---------+---------+-------
      Total |     313 |      40 |  11.3 |      56 |       3 |   5.1
            +---------+---------+-------+---------+---------+-------
        D:1 |      33 |       0 |   0.0 |      20 |       0 |   0.0
        D:2 |      48 |      37 |  43.5 |      12 |       1 |   7.7
        D:3 |      85 |       3 |   3.4 |      14 |       2 |  12.5
        D:4 |     147 |       0 |   0.0 |      10 |       0 |   0.0
            +---------+---------+-------+---------+---------+-------
